 Dungeon Crawl Stone Soup version 0.30.0-5-g1a98f26d00 (webtiles) character file.

Game seed: 421122850450551744

66 Hubris850 the Trooper (level 4, -1/40 HPs)
             Began as a Hill Orc Fighter on May 8, 2023.
             Succumbed to an adder's poison
             ... on level 2 of the Dungeon.
             The game lasted 00:02:12 (928 turns).

Hubris850 the Trooper (Hill Orc Fighter)             Turns: 928, Time: 00:02:12

Health: -1/40      AC:  7    Str: 18    XL:     4   Next: 15%
Magic:  4/4        EV:  9    Int: 10    God:
Gold:   75         SH:  4    Dex: 10    Spells: 3/3 levels left

rFire   . . .        a - +0 war axe
rCold   . . .        c - +0 buckler
rNeg    . . .        b - +0 scale mail
rPois   .            (no helmet)
rElec   .            (no cloak)
rCorr   +            (no gloves)
SInv    .            (no boots)
Will    .....        (no amulet) Stlth
                     h - ring of resist corrosion
HPRegen 0.26/turn    (no ring)
MPRegen 0.09/turn

%: no passive effects
@: mighty, lethally poisoned (-1 -> -7), attractive
A: no striking features
a: no special abilities


You were on level 2 of the Dungeon.
You visited 1 branch of the dungeon, and saw 2 of its levels.

You collected 75 gold pieces.

Inventory:

Hand Weapons
 a - a +0 war axe (weapon)
Missiles
 r - 2 throwing nets (quivered)
Armour
 b - a +0 scale mail (worn)
 c - a +0 buckler (worn)
Jewellery
 h - a ring of resist corrosion (left hand)
Scrolls
 e - a scroll of acquirement {unknown}
 f - a scroll of magic mapping {unknown}
 g - a scroll of silence {unknown}
 i - a scroll of enchant armour {unknown}
 l - a scroll of summoning {unknown}
 m - a scroll of brand weapon {unknown}
 n - a scroll of torment {unknown}
 o - a scroll of noise {unknown}
 p - a scroll of amnesia {unknown}
 q - a scroll of immolation {unknown}
Potions
 d - a potion of might
 j - a potion of flight {unknown}
 k - a potion of attraction


   Skills:
 - Level 4.0 Fighting
 + Level 3.8 Axes
 + Level 4.0 Armour
 + Level 4.0 Shields


You had 3 spell levels left.
You didn't know any spells.
Your spell library contained the following spells:

 Spells                   Type           Power      Damage    Failure   Level
 Blink                    Tloc           0%         N/A       91%         2
 Ozocubu's Armour         Ice            0%         N/A       99%         3
 Manifold Assault         Tloc           0%         N/A       100%        4
 Ozocubu's Refrigeration  Ice            0%         4d7       100%        7
 Storm Form               Tmut/Air       0%         N/A       100%        7


Dungeon Overview and Level Annotations

Branches:
Dungeon (2/15)

Altars:


Message History

You barely miss Natasha.
Natasha is moderately wounded.
You block the cerulean imp's attack.
The cerulean imp hits you but does no damage.
Natasha claws you.
The cerulean imp hits you from afar with a +1 spear.
* * * LOW HITPOINT WARNING * * *
The cerulean imp hits you but does no damage.
You slash Natasha!
You kill Natasha!
Natasha growls in agony!
The cerulean imp disappears in a puff of smoke! x2
Your Armour skill increases to level 4!
Your Shields skill increases to level 4!
You have reached level 4!
You hit the endoplasm.
The endoplasm is lightly wounded.
The endoplasm freezes you.
You are frozen.
* * * LOW HITPOINT WARNING * * *
You slash the endoplasm!
You kill the endoplasm!
The adder bites you.
* * * LOW HITPOINT WARNING * * *
You are poisoned.
The adder poisons you!
You miss the adder.
You feel sick.
The adder bites you but does no damage. x2
You barely miss the adder.
You feel sick. You block the adder's attack.
The adder bites you but does no damage.
You slash the adder!
The adder is severely wounded.
You feel sick.
You are no longer poisoned.
The adder bites you.
* * * LOW HITPOINT WARNING * * *
You are lethally poisoned!
The adder poisons you!
It was a potion of attraction.
You feel attractive to monsters.
You die...

##### ### ....# <..
....# ### .. ## ##.
....# ##.## #. .####...
..<.# #...# #.#..#.....
....# #.#.# ..#......
....####...## #.#......
....##......# ####...#.#
............###[@S..##.#
....##..........##.#...#
...............###..!###
###.....##.....# #.#...#
#...#.####.............#
...##.# #.#............#
##.##.# #..............#
..#..# ###.#.....^....#
#.............


You could see an adder.

Vanquished Creatures
  Natasha (D:2)
  7 endoplasms
  A goblin (D:1)
  8 hobgoblins
  3 jackals (D:1)
  2 kobolds
  5 ball pythons (D:1)
  3 bats (D:1)
  A frilled lizard (D:1)
  5 rats (D:1)
36 creatures vanquished.

Notes
Turn   | Place    | Note
-------+----------+-------------------------------------------
     0 | D:1      | Hubris850 the Hill Orc Fighter began the quest for the Orb.
     0 | D:1      | Reached XP level 1. HP: 19/19 MP: 1/1
     4 | D:1      | Noticed an elephant
    13 | D:1      | Noticed a four-headed hydra
    78 | D:1      | Reached XP level 2. HP: 27/27 MP: 2/2
   308 | D:1      | Reached XP level 3. HP: 29/33 MP: 3/3
   899 | D:2      | Noticed Natasha
   922 | D:2      | Killed Natasha
   923 | D:2      | Reached XP level 4. HP: 11/40 MP: 4/4
   927 | D:2      | HP: 1/40 [adder (2)]
   928 | D:2      | Succumbed to an adder's poison

Illustrated notes

Levels and vault maps discovered:
D:1:      sevenhm_arrival_forest_fort_small_2, layout_basic,
          hangedman_decor_lopped, palyth_stone_intersect, kennysheep_nondescript
D:2:      layout_rooms, uniq_robin, uniq_natasha

Skill      XL: |  1  2  3 |
---------------+----------+-----
Axes           | 3 |  3.8
Fighting       | 4 |  4.0
Armour         | 4 |  4.0
Shields        | 4 |  4.0

Action                     |  1- 3 |  4- 6 || total
---------------------------+-------+-------++-------
  Melee: War axe           |    70 |     5 ||    75
    Use: Potion            |     1 |     1 ||     2
 Armour: Scale mail        |    39 |     3 ||    42
  Dodge: Dodged            |    40 |       ||    40
  Block: Buckler           |    17 |     1 ||    18
